 Dungeon Crawl Stone Soup version 0.19.1 (webtiles) character file.

160 CanadianGator the Ruffian (level 5, -7/47 HPs)
             Began as a Minotaur Transmuter on Dec 1, 2016.
             Mangled by spsoon's ghost (11 damage)
             ... on level 3 of the Dungeon.
             The game lasted 00:05:51 (1584 turns).

CanadianGator the Ruffian (Minotaur Transmuter)     Turns: 1584, Time: 00:05:52

Health: -7/47      AC:  7    Str: 14    XL:     5   Next: 17%
Magic:  3/17       EV: 14    Int: 15    God:
Gold:   82         SH:  0    Dex: 12    Spells: 2 memorised, 7 levels left

rFire  . . .     SeeInvis .       - Unarmed
rCold  . . .     Gourm    .     b - +0 robe
rNeg   . . .     Faith    .     (no shield)
rPois  .         Spirit   .     (helmet restricted)
rElec  .         Reflect  .     m - +0 cloak
rCorr  .         Harm     .     (no gloves)
MR     .....                    (no boots)
Stlth  +.........               (no amulet)
                                n - +4 ring of protection
                                j - ring of magical power

@: brilliant, very slightly contaminated, hasted, very quick
A: retaliatory headbutt, horns 2, wild magic 1
a: no special abilities


You were on level 3 of the Dungeon.
You were near starving.

You visited 1 branch of the dungeon, and saw 3 of its levels.

You collected 82 gold pieces.

Inventory:

Missiles
 a - 60 arrows
Armour
 b - a +0 robe (worn)
 g - a +0 ring mail
 m - a +0 cloak (worn)
Jewellery
 j - a ring of magical power (left hand)
 n - a +4 ring of protection (right hand)
 w - a +3 ring of strength {unknown}
Scrolls
 e - 2 scrolls of random uselessness {unknown}
 h - 2 scrolls of magic mapping {unknown}
 k - 2 scrolls of remove curse {unknown}
 t - 2 scrolls of enchant armour {unknown}
 u - a scroll of identify {unknown}
Books
 c - a book of Changes

   Spells                             Type                      Level
   a - Beastly Appendage              Transmutation                1
   b - Sticks to Snakes               Transmutation                2
   c - Spider Form                    Transmutation/Poison         3
   d - Ice Form                       Ice/Transmutation            4
   e - Blade Hands                    Transmutation                5
Comestibles
 d - 2 bread rations
 f - 2 meat rations
 o - a beef jerky
 r - 2 slices of pizza
 s - 4 fruits


   Skills:
 + Level 4.8 Fighting
 + Level 4.2 Armour
 + Level 4.7 Dodging
 * Level 6.8 Unarmed Combat
 + Level 3.0 Spellcasting
 * Level 4.8 Transmutations
   Level 3.2 Invocations
   Level 3.0 Evocations


You had 7 spell levels left.
You knew the following spells:

 Your Spells              Type           Power        Failure   Level  Hunger
a - Beastly Appendage     Tmut           ####..       1%          1    #......
b - Sticks to Snakes      Tmut           ####....     1%          2    ##.....


Dungeon Overview and Level Annotations

Branches:
Dungeon (3/15)

Altars:

Annotations:
D:3 spsoon's ghost, amateur VSFi


Innate Abilities, Weirdness & Mutations

You reflexively headbutt those who attack you in melee.
You have a pair of horns on your head.
Your spells are a little harder to cast, but a little more powerful.


Message History

Your Fighting skill gained 2 levels and is now at level 4!
Your Armour skill gained 3 levels and is now at level 4!
Your Dodging skill gained 2 levels and is now at level 4!
Your Unarmed Combat skill gained 3 levels and is now at level 6!
Your Spellcasting skill gained 2 levels and is now at level 3!
Your Transmutations skill gained 2 levels and is now at level 4!
Your Invocations skill gained 3 levels and is now at level 3!
Your Evocations skill gained 3 levels and is now at level 3!
You have reached level 5!
Spsoon's ghost hits you.
* * * LOW HITPOINT WARNING * * *
It was a potion of beneficial mutation.
You feel less in control of your magic.
You feel fantastic!
Spsoon's ghost hits you but does no damage.
It was a potion of brilliance.
You feel clever all of a sudden. Spsoon's ghost barely misses you.
It was a potion of haste.
You feel yourself speed up. Spsoon's ghost hits you!
You die...

...#.#........ ......
................
.#.....#.#####.#..####..
............%....####..
.............$........
#...#.#####.#.#####..
##.#.$.#.#####..........
.................######.
#...@.........#
#..##W#####.#.######
#....................
#.#########.#.######.
#####


You could see spsoon's ghost.

Vanquished Creatures
  Jessica (D:2)
  2 adders (D:3)
  2 oozes
  3 bats
  2 giant cockroaches
  2 hobgoblins (D:1)
  4 jackals (D:2)
  3 kobolds
  A quokka (D:3)
  A frilled lizard (D:2)
  8 rats
29 creatures vanquished.

Notes
Turn   | Place    | Note
-------+----------+-------------------------------------------
     0 | D:1      | CanadianGator the Minotaur Transmuter began the quest for the Orb.
     0 | D:1      | Reached XP level 1. HP: 16/16 MP: 1/1
   460 | D:1      | Reached XP level 2. HP: 15/23 MP: 2/3
   620 | D:1      | Reached skill level 1 in Armour
   827 | D:2      | Reached XP level 3. HP: 15/29 MP: 4/4
  1023 | D:2      | Noticed Jessica
  1031 | D:2      | Killed Jessica
  1167 | D:3      | Learned a level 2 spell: Sticks to Snakes
  1191 | D:3      | Reached XP level 4. HP: 13/36 MP: 5/5
  1496 | D:3      | Noticed spsoon's ghost (amateur VSFi)
  1581 | D:3      | Reached skill level 6 in Unarmed Combat
  1581 | D:3      | Reached XP level 5. HP: 6/47 MP: 2/8
  1582 | D:3      | Gained mutation: Your spells are a little harder to cast, but a little more powerful. [potion of beneficial mutation]
  1584 | D:3      | Mangled by spsoon's ghost

Skill      XL: |  1  2  3  4 |
---------------+-------------+-----
Armour         | 1 4 |  4.2
Fighting       | 2 4 |  4.8
Transmutations | 2 4 |  4.8
Dodging        | 4 |  4.7
Unarmed Combat | 6 |  6.8
Spellcasting   | 3 |  3.0
Invocations    | 3 |  3.2
Evocations     | 3 |  3.0

Action                   |  1- 3 |  4- 6 || total
-------------------------+-------+-------++-------
Melee: Unarmed           |    58 |    30 ||    88
       Headbutt          |     9 |     6 ||    15
       Kick              |       |     2 ||     2
 Cast: Sticks to Snakes  |       |     9 ||     9
       Beastly Appendage |       |     1 ||     1
  Use: Potion            |       |     5 ||     5
 Stab: Sleeping          |     1 |       ||     1
  Eat: Chunk             |       |     1 ||     1
Armor: Robe              |    11 |    11 ||    22
Dodge: Dodged            |    37 |    21 ||    58
